 Dungeon Crawl Stone Soup version 0.21.1 (webtiles) character file.

130431 Monsterracer the Severer (level 16, -9/189 HPs)
             Began as a Yellow Draconian Gladiator on Feb 3, 2018.
             Was the Champion of Hepliaklqana.
             Shot with a bolt by a naga sharpshooter (15 damage)
             ... led by Vashnia
             ... on level 2 of the Snake Pit.
             The game lasted 00:55:36 (30785 turns).

Monsterracer the Severer (DrGl)                    Turns: 30785, Time: 00:55:36

Health: -9/189     AC: 24    Str: 28    XL:     16   Next: 53%
Magic:  26/26      EV: 20    Int: 15    God:    Hepliaklqana [******]
Gold:   3148       SH:  0    Dex: 17    Spells: 4/15 levels left

rFire    . . .     SeeInvis .   a - +5 battleaxe of Plunder {flame, rPois MR+ Int+3}
rCold    . . .     Gourm    .   (shield currently unavailable)
rNeg     . . .     Faith    .   (armour unavailable)
rPois    +         Spirit   .   H - +2 hat
rElec    +         Reflect  .   z - +2 cloak {rPois}
rCorr    +         Harm     .   h - +2 pair of gloves
MR       ++...                  M - +2 pair of boots
Stlth    ..........             C - amulet of regeneration
HPRegen  0.81/turn              v - ring of the Iron Devil {rElec Int+3 Dex+4 Slay+3 Stlth+}
MPRegen  0.20/turn              Y - +4 ring of protection

@: berserking (expiring), lethally poisoned (-9 -> -10), studying 2 skills, very
quick
A: spit acid, acid resistance, unfitting armour, reduced essence, acidic bite,
cold-blooded, AC +9
a: Breathe Acid, Recall Ancestor, Ancestor Identity, Transference, Idealise,
Renounce Religion


You were on level 2 of the Snake Pit.
You worshipped Hepliaklqana.
Hepliaklqana was exalted by your worship.
You were very hungry.

You visited 5 branches of the dungeon, and saw 26 of its levels.
You also visited: Labyrinth, Bailey and Ice Cave.

You collected 3481 gold pieces.
You spent 333 gold pieces at shops.

Inventory:

Hand Weapons
 a - the +5 battleaxe of Plunder (weapon) {flame, rPois MR+ Int+3}
   (You acquired it in a bailey)

   It has been specially enchanted to burn those struck by it, causing extra
   injury to most foes and up to half again as much damage against particularly
   susceptible opponents.
   Big, fiery blades are also staple armaments of hydra-hunters.
   It affects your intelligence (+3).
   It protects you from poison.
   It affects your resistance to hostile enchantments.
 b - a +7 broad axe
Missiles
 d - 2 throwing nets (quivered)
Armour
 h - a +2 pair of gloves (worn)
 z - a +2 cloak of poison resistance (worn)
 H - a +2 hat (worn)
 M - a +2 pair of boots (worn)
 Q - a +0 shield
Jewellery
 j - an uncursed amulet of rage
 v - the ring of the Iron Devil (left hand) {rElec Int+3 Dex+4 Slay+3 Stlth+}
   (You found it on level 8 of the Dungeon)

   [ring of intelligence]

   It affects your intelligence (+3).
   It affects your dexterity (+4).
   It affects your accuracy and damage with ranged weapons and melee attacks
   (+3).
   It insulates you from electricity.
   It makes you more stealthy.
 A - a +4 amulet of reflection
 C - an amulet of regeneration (around neck)
 D - an uncursed ring of protection from fire {!d}
 O - the ring "Huezyaq" {rPois Str+2 Int-3 Dex+2 Stlth+}
   (You found it in an ice cave)

   [ring of stealth]

   It affects your strength (+2).
   It affects your intelligence (-3).
   It affects your dexterity (+2).
   It protects you from poison.
   It makes you more stealthy.
 W - an uncursed ring of protection from magic {!d}
 Y - a +4 ring of protection (right hand)
 Z - an uncursed ring of see invisible
Wands
 s - a wand of flame (91)
 y - a wand of paralysis (44)
 B - a wand of scattershot (4)
 N - a wand of acid (36)
 P - a wand of clouds (7)
 T - a wand of iceblast (22)
Scrolls
 e - 10 scrolls of identify
 g - 11 scrolls of remove curse
 k - 6 scrolls of magic mapping {!r}
 l - 2 scrolls of blinking
 q - 8 scrolls of teleportation
 u - a scroll of holy word
 x - a scroll of fog
 G - a scroll of enchant armour
 I - 5 scrolls of immolation {!r}
 J - 2 scrolls of summoning {!r}
 L - 3 scrolls of fear {!r}
 X - a scroll of silence
Potions
 f - 6 potions of heal wounds
 m - 3 potions of magic
 n - 3 potions of berserk rage {!q}
 o - 11 potions of curing
 p - 2 potions of lignification
 r - 4 potions of might
 w - a potion of haste
 E - 3 potions of mutation {!q}
 K - a potion of invisibility
 U - 4 potions of flight
 V - a potion of agility
Books
 i - a manual of Invocations
 F - a manual of Transmutations
Miscellaneous
 R - a fan of gales
 S - a phial of floods
Comestibles
 c - 59 rations


   Skills:
 + Level 12.4 Fighting
 * Level 15.3(16.6) Axes
   Level 11.7(14.9) Maces & Flails
 - Level 1.7 Throwing
 + Level 10.8 Dodging
 - Level 10.0 Stealth
 + Level 4.5 Shields
 + Level 13.4 Invocations
 + Level 8.8 Evocations


You had 4 spell levels left.
You knew the following spells:

 Your Spells              Type           Power        Failure   Level  Hunger
a - Summon Mana Viper     Hex/Summ       #.......     100%        5    ######.
d - Borgnjor's Vile Clut  Necr/Erth      #.........   100%        5    ######.
v - Summon Butterflies    Summ           #.......     26%         1    ##.....


Dungeon Overview and Level Annotations

Branches:
Dungeon (15/15) Temple (1/1) D:5 Lair (6/6) D:11 Shoals (0/4) Lair:2 Snake (2/4) Lair:3 Slime (0/5) Lair:5 Orc (2/2) D:12 Elf (0/3) Orc:2 Vaults (0/5) D:12 D:13 Depths (0/5) D:15

Altars:
Ashenzari
Cheibriados
Dithmenos
Elyvilon
Fedhas
Gozag
Hepliaklqana
Kikubaaqudgha
Makhleb
Nemelex Xobeh
Okawaru
Qazlal
Ru
Sif Muna
Trog
Uskayaw
Vehumet
Wu Jian
Xom
Yredelemnul
Zin
The Shining One
Beogh
Jiyva

Shops:
D:13 (   D:14 (*((!   Orc:2 [(=}   Snake:1 }}=

Annotations:
Snake:2 Vashnia


Innate Abilities, Weirdness & Mutations

You can spit globs of acid.
You are resistant to acid.
Your golden yellow scales are hard. (AC +9)
You cannot fit into any form of body armour.
You have acidic saliva.
You are cold-blooded and may be slowed by cold attacks.
Your life essence is reduced to manifest your ancestor. (-10% HP)


Message History

* * * LOW HITPOINT WARNING * * *
You now have 92/189 hp.
You chop Vashnia into pieces!!! You burn Vashnia!!
Your tail-slap misses Vashnia.
Your bite misses Vashnia.
Vashnia is moderately wounded.
You slash the naga warrior! You burn the naga warrior.
You slash the naga sharpshooter! You burn the naga sharpshooter.
You closely miss the naga. You hit the naga sharpshooter.
You burn the naga sharpshooter. You slice the naga sharpshooter!!
You burn the naga sharpshooter. The naga hits you with a halberd!
* * * LOW HITPOINT WARNING * * *
You take 6 damage, and have 86/189 hp.
You slash Vashnia! You burn Vashnia.
Your tail-slap misses Vashnia.
Vashnia is heavily wounded.
You slash the naga warrior! You burn the naga warrior.
You slice the naga sharpshooter!! You burn the naga sharpshooter.
You slash the naga! You burn the naga. You slash the naga sharpshooter!
You burn the naga sharpshooter. You closely miss the naga sharpshooter.
The naga warrior hits you with a scimitar!
* * * LOW HITPOINT WARNING * * *
The naga warrior constricts you.
Vashnia shoots an arrow.
The arrow hits you!
* * * LOW HITPOINT WARNING * * *
You take 24 damage, and have 62/189 hp.
You closely miss Vashnia. You tail-slap Vashnia.
Vashnia is heavily wounded.
You slash the naga warrior! You burn the naga warrior.
You slice the naga sharpshooter!! You burn the naga sharpshooter.
You kill the naga sharpshooter!
You slash the naga! You burn the naga!
You kill the naga!
You hit the naga sharpshooter. You burn the naga sharpshooter.
You hit the naga sharpshooter but do no damage.
The naga sharpshooter shoots a bolt.
The bolt barely misses you.
The naga sharpshooter gestures wildly while chanting.
The naga sharpshooter magically shoots a bolt.
The bolt hits you!
* * * LOW HITPOINT WARNING * * *
You take 10 damage, and have 52/189 hp.
You slice Vashnia!! You burn Vashnia. You tail-slap Vashnia!
Vashnia is almost dead.
You slice the naga sharpshooter!! You burn the naga sharpshooter!
You hit the naga sharpshooter. You burn the naga sharpshooter.
You barely miss the naga warrior. The naga warrior completely misses you.
The naga warrior constricts you.
You barely miss Vashnia.
Your tail-slap misses Vashnia.
Vashnia is almost dead.
You slash the naga warrior! You burn the naga warrior.
You slice the naga sharpshooter!! You burn the naga sharpshooter.
You slash the naga sharpshooter! You burn the naga sharpshooter.
The naga sharpshooter unwields an uncursed arbalest.
The naga sharpshooter wields an uncursed flail.
The naga sharpshooter closely misses you.
Vashnia gestures wildly while chanting.
Vashnia magically shoots an arrow.
The arrow hits you!!
* * * LOW HITPOINT WARNING * * *
The naga sharpshooter gestures wildly while chanting.
The naga sharpshooter magically shoots a bolt.
The bolt hits you.
* * * LOW HITPOINT WARNING * * *
You take 34 damage, and have 18/189 hp.
You hit Vashnia but do no damage. Your bite misses Vashnia.
Vashnia is almost dead.
You miss the guardian serpent.
You hit the naga sharpshooter but do no damage.
You slash the naga sharpshooter! You burn the naga sharpshooter.
You slash the naga warrior! You burn the naga warrior.
The guardian serpent closely misses you.
The naga warrior spits poison at you. The splash of poison hits you!
You resist.
* * * LOW HITPOINT WARNING * * *
The naga warrior constricts you. Vashnia gestures at you while chanting.
You escape the naga warrior's grasp.
You blink.
You take 5 damage, and have 13/189 hp.
Unknown command.
The guardian serpent coils itself and waves its upper body at you.
The bolt of poison hits you!
You are poisoned.
You resist.
* * * LOW HITPOINT WARNING * * *
You take 7 damage, and have 6/189 hp.
You feel a strong urge to attack something.
You feel sick.
The guardian serpent casts a spell.
Vashnia blinks!
The naga sharpshooter blinks!
The naga warrior blinks!
The naga sharpshooter blinks!
Vashnia spits poison at you. The splash of poison hits you! You resist.
The naga warrior completely misses you. x2
You take 1 damage, and have 5/189 hp.
You closely miss the naga sharpshooter.
The naga sharpshooter is almost dead.
You slice the naga sharpshooter!! You burn the naga sharpshooter.
You kill the naga sharpshooter!
You slash the naga warrior! You burn the naga warrior. You slash Vashnia!
You burn Vashnia.
The naga sharpshooter mumbles some strange words.
The naga sharpshooter magically shoots a bolt.
The bolt hits you!
You die...

......# #.
##.....#####§
##............
##.............
##..............
##...............
##....S§§.........
#.)(..§§§.........
#@N.(.§§§.........
#NN...§§§.........
#.....§§§.(.......
##.....(...(((....
##....((..((.....
##((((..........
##(.(..........
##############


You could see Vashnia, a naga warrior, a naga sharpshooter and a guardian
serpent.

Vanquished Creatures
  Rupert (D:12)
  Frances (D:13)
  A shadow dragon (D:15)
  A stone giant (Orc:1)
  Nessos (D:13)
  5 dire elephants (Lair:6)
  Snorg (Orc:1)
  2 fire dragons (D:15)
  2 yaktaur captains (D:15)
  6 hydras
  3 naga warriors
  3 ice dragons
  4 ogre magi (Orc:2)
  Erolcha (Orc:1)
  4 centaur warriors (D:15)
  An anaconda (Lair:6)
  18 two-headed ogres
  A shock serpent (Snake:2)
  3 tengu warriors
  Urug (Orc:2)
  4 naga sharpshooters
  3 skeletal warriors (D:15)
  An unseen horror (D:10)
  A naga ritualist (Snake:2)
  A deep elf archer (Bailey)
  The ghost of p0werm0de the Covert, a novice OpMo of Cheibriados (D:6)
  Pikel (D:5)
  6 orc knights
  A cyclops (Orc:2)
  3 orc sorcerers
  5 mana vipers
  2 slime creatures (D:14)
  An oklob plant (Lair:4)
  2 salamanders
  4 ugly things
  A salamander (shapeshifter) (D:15)
  A manticore (D:14)
  A moth of wrath (shapeshifter) (D:15)
  11 deep elf magi
  A cyclops (shapeshifter) (D:12)
  8 elephants
  A guardian serpent (Snake:1)
  4 naga magi
  17 black mambas
  2 ice statues (IceCv)
  11 spiny frogs
  3 gargoyles
  A rime drake (shapeshifter) (D:15)
  5 rime drakes
  A yaktaur (D:15)
  6 komodo dragons
  2 efreet (D:15)
  2 tengu conjurers (D:13)
  A polar bear (Lair:4)
  3 trolls
  3 hornets
  5 dream sheep (Lair:3)
  6 hippogriffs
  13 blink frogs
  A centaur simulacrum (D:15)
  A shadow (D:14)
  2 redbacks (Lab)
  38 yaks
  A wraith (D:14)
  A wyvern (Lair:4)
  A basilisk (Lair:2)
  15 humans (D:12)
  A hungry ghost (D:13)
  4 wargs
  4 vampire mosquitoes (D:14)
  A naga (shapeshifter) (D:13)
  21 nagas
  3 soldier ants
  12 water moccasins
  8 porcupines
  14 orc warriors
  4 sky beasts
  3 black bears
  3 phantoms
  A black bear (shapeshifter) (D:14)
  2 eyes of draining (D:14)
  16 ice beasts
  32 ogres
  3 wolves (Lair:6)
  20 centaurs
  8 crocodiles
  A big kobold (D:13)
  13 bullfrogs
  2 gnoll sergeants
  A knight (Orc:2)
  4 scorpions
  5 killer bees (D:11)
  10 wights
  3 howler monkeys
  5 crimson imps
  A bullfrog zombie (D:7)
  4 centaur zombies
  5 hounds
  5 jellies
  12 orc priests
  A gnoll shaman (D:7)
  15 orc wizards
  6 iguanas
  2 hell rats (Lair:5)
  12 worker ants
  A killer bee zombie (D:10)
  A howler monkey zombie (D:5)
  A worker ant zombie (D:7)
  A howler monkey skeleton (D:10)
  10 gnolls
  8 river rats (Lair:5)
  11 adders
  6 shadow imps
  2 adder zombies (D:9)
  2 worms
  4 dart slugs
  6 leopard geckos
  56 orcs
  9 bats
  7 giant cockroaches
  8 goblins
  9 hobgoblins
  5 jackals
  6 quokkas
  3 ball pythons
  5 frilled lizards
  16 kobolds
  A leopard gecko skeleton (D:8)
  2 leopard gecko zombies
  8 rats
  3 fungi
  5 plants
  A toadstool (D:1)
729 creatures vanquished.

Vanquished Creatures (collateral kills)
  A minotaur (Lab)
  A rakshasa (D:13)
  2 hydras
  A naga warrior (Snake:1)
  2 centaur warriors
  A naga sharpshooter (Snake:1)
  2 skeletal warriors (D:14)
  2 deep elf magi (Bailey)
  An ugly thing (D:14)
  An oklob plant (Lair:4)
  A centaur zombie (D:14)
  A manticore (Lair:2)
  An elephant (Lair:2)
  Maurice (D:8)
  2 black mambas
  2 naga magi (Snake:2)
  A guardian serpent (Snake:1)
  2 spiny frogs
  A rime drake (Lair:6)
  A komodo dragon (Lair:6)
  A freezing wraith (D:14)
  A meliai (shapeshifter) (D:15)
  A polar bear (Lair:4)
  A blink frog (Lair:3)
  2 dream sheep (Lair:3)
  2 yaks
  A human (D:12)
  A hungry ghost (D:15)
  2 wargs
  A naga (Snake:1)
  An orc warrior (D:15)
  A sky beast (D:8)
  3 ice beasts (IceCv)
  A centaur (D:9)
  A necrophage (D:9)
  An ogre (Orc:2)
  A crocodile (Lair:1)
  A big kobold (D:7)
  2 bullfrogs
  A killer bee (D:11)
  An electric eel (Lair:2)
  A wight (D:13)
  2 crimson imps
  An orc priest (Orc:2)
  2 iguanas (D:7)
  2 orc wizards
  A worker ant (D:14)
  A gnoll (D:12)
  2 river rats (Lair:5)
  5 orcs
  2 kobolds (D:7)
  A plant (Lair:6)
74 creatures vanquished.

Vanquished Creatures (others)
  3 knights
  2 ancestors
  4 fungi
  5 plants (Lair:6)
  3 toadstools (D:1)
17 creatures vanquished.

Grand Total: 820 creatures vanquished

Notes
Turn   | Place    | Note
-------+----------+-------------------------------------------
     0 | D:1      | Monsterracer the Draconian Gladiator began the quest for the Orb.
     0 | D:1      | Reached XP level 1. HP: 17/17 MP: 1/1
    23 | D:1      | HP: 6/17 [dart slug/slug dart (7)]
   269 | D:1      | Reached XP level 2. HP: 24/25 MP: 2/2
   283 | D:1      | HP: 12/25 [leopard gecko (1)]
   291 | D:1      | HP: 5/25 [leopard gecko (4)]
  1086 | D:1      | Reached XP level 3. HP: 29/30 MP: 3/3
  2026 | D:2      | Reached XP level 4. HP: 34/38 MP: 4/4
  2421 | D:3      | Noticed a sky beast
  2429 | D:3      | Killed a sky beast
  2429 | D:3      | Reached XP level 5. HP: 38/45 MP: 5/5
  2808 | D:3      | Noticed an ogre
  2811 | D:3      | HP: 15/45 [ogre/giant club (16)]
  2819 | D:3      | Killed an ogre
  2819 | D:3      | Reached skill level 5 in Maces & Flails
  2819 | D:3      | Reached XP level 6. HP: 19/52 MP: 6/6
  3308 | D:4      | HP: 23/52 [phantom (6)]
  3329 | D:4      | HP: 20/52 [phantom (7)]
  3591 | D:4      | HP: 26/52 [gnoll/spear (6)]
  3822 | D:4      | HP: 26/52 [gnoll/spear (5)]
  4158 | D:4      | HP: 23/53 [orc wizard/puff of frost (8)]
  4181 | D:4      | HP: 26/53 [adder (1)]
  4184 | D:4      | Your scales start taking on a golden yellow colour.
  4184 | D:4      | Reached XP level 7. HP: 28/60 MP: 7/7
  4187 | D:4      | HP: 27/60 [poisoned by an adder]
  4192 | D:4      | HP: 22/60 [hound (2)]
  4199 | D:4      | HP: 20/60 [hound (2)]
  4205 | D:4      | HP: 19/60 [poisoned by an adder]
  4210 | D:4      | HP: 15/60 [poisoned by a worker ant]
  4215 | D:4      | HP: 13/60 [poisoned by a worker ant]
  4220 | D:4      | HP: 12/60 [poisoned by a worker ant]
  4227 | D:4      | HP: 11/60 [poisoned by a worker ant]
  4235 | D:4      | HP: 11/60 [poisoned by a worker ant]
  5035 | D:5      | Entered Level 5 of the Dungeon
  5154 | D:5      | Found a staircase to the Ecumenical Temple.
  5168 | Temple   | Entered the Ecumenical Temple
  5484 | Temple   | Became a worshipper of Hepliaklqana the Forgotten
  5598 | D:5      | Reached skill level 5 in Fighting
  5598 | D:5      | Reached skill level 1 in Invocations
  5683 | D:5      | HP: 22/54 [ogre/giant club (32)]
  5689 | D:5      | HP: 11/54 [ogre/giant club (12)]
  5691 | D:5      | Reached XP level 8. HP: 13/61 MP: 9/9
  6028 | D:5      | Reached skill level 5 in Dodging
  6664 | D:5      | Reached skill level 1 in Stealth
  6793 | D:5      | Noticed Pikel
  6818 | D:5      | Killed Pikel
  7024 | D:6      | Found an iron altar of Okawaru.
  7072 | D:6      | Got a faintly glowing spear
  7091 | D:6      | Reached XP level 9. HP: 48/67 MP: 11/11
  7226 | D:6      | Noticed p0werm0de's ghost (novice OpMo)
  7246 | D:6      | Killed p0werm0de's ghost
  7752 | D:6      | Found a glowing golden altar of the Shining One.
  8193 | D:7      | Reached * piety under Hepliaklqana
  8299 | D:7      | Reached skill level 5 in Invocations
  8742 | D:7      | Reached XP level 10. HP: 77/77 MP: 14/14
  9575 | D:8      | Got a faintly glowing bone ring
  9576 | D:8      | Identified the ring of the Iron Devil {rElec Int+3 Dex+4 Slay+3 Stlth+} (You found it on level 8 of the Dungeon)
  9772 | D:8      | Noticed Maurice
  9783 | D:8      | Paralysed by Maurice for 3 turns
  9784 | D:8      | Killed Maurice
  9974 | D:8      | Reached skill level 10 in Maces & Flails
 10498 | D:9      | Reached ** piety under Hepliaklqana
 10499 | D:9      | Remembered your ancestor Beli-Ashared as a knight
 10722 | D:9      | Found a shimmering altar of Xom.
 11595 | D:10     | Entered Level 10 of the Dungeon
 11747 | D:10     | Noticed a two-headed ogre
 11773 | D:10     | Killed a two-headed ogre
 11773 | D:10     | Reached skill level 5 in Stealth
 12111 | D:10     | Killed an unseen horror
 12111 | D:10     | Reached XP level 11. HP: 79/85 MP: 12/16
 12308 | D:10     | Reached *** piety under Hepliaklqana
 12791 | D:11     | Found a radiant altar of Vehumet.
 12828 | D:11     | Found a flagged portal.
 12838 | Bailey   | Entered a bailey
 12844 | Bailey   | Noticed a deep elf mage
 12856 | Bailey   | Killed a deep elf mage
 12856 | Bailey   | Reached skill level 1 in Evocations
 12935 | Bailey   | Noticed a deep elf mage
 12936 | Bailey   | Noticed a deep elf mage
 12936 | Bailey   | Noticed a deep elf mage
 12936 | Bailey   | Noticed a deep elf mage
 12937 | Bailey   | Noticed a deep elf mage
 12944 | Bailey   | Killed a deep elf mage
 12947 | Bailey   | Killed a deep elf mage
 12955 | Bailey   | Killed a deep elf mage
 12965 | Bailey   | Killed a deep elf mage
 12980 | Bailey   | Killed a deep elf mage
 12991 | Bailey   | Noticed a deep elf mage
 12999 | Bailey   | Killed a deep elf mage
 13187 | Bailey   | Noticed a deep elf mage
 13187 | Bailey   | Noticed a deep elf mage
 13187 | Bailey   | Noticed a deep elf mage
 13187 | Bailey   | Noticed a deep elf mage
 13192 | Bailey   | Noticed a sun demon
 13200 | Bailey   | Killed a deep elf mage
 13201 | Bailey   | Killed a deep elf mage
 13207 | Bailey   | Noticed a sixfirhy
 13211 | Bailey   | HP: 64/130 [sun demon[a deep elf mage] (3)]
 13216 | Bailey   | HP: 31/130 [sun demon[a deep elf mage] (10)]
 13216 | Bailey   | HP: 15/130 [sun demon[a deep elf mage] (16)]
 13225 | Bailey   | Killed a deep elf mage
 13226 | Bailey   | HP: 36/130 [sixfirhy[a deep elf mage] (1)]
 13231 | Bailey   | HP: 29/130 [burnt (4)]
 13236 | Bailey   | HP: 13/130 [something (2)]
 13237 | Bailey   | Killed a deep elf mage
 13239 | Bailey   | HP: 4/130 [burnt (4)]
 13240 | Bailey   | HP: 1/130 [something (3)]
 13627 | Bailey   | Noticed a deep elf archer
 13654 | Bailey   | Killed a deep elf archer
 13820 | Bailey   | Identified a scroll of acquirement
 13823 | Bailey   | Got a faintly glowing battleaxe
 13824 | Bailey   | Identified the +5 battleaxe of Plunder {flame, rPois MR+ Int+3} (You acquired it in a bailey)
 14013 | D:11     | Noticed a five-headed hydra
 14017 | D:11     | Reached skill level 1 in Axes
 14020 | D:11     | Killed a one-headed hydra
 14020 | D:11     | Reached skill level 3 in Axes
 14196 | D:11     | Found a staircase to the Lair.
 14534 | Lair:1   | Entered Level 1 of the Lair of Beasts
 14643 | Lair:1   | Reached **** piety under Hepliaklqana
 14679 | Lair:1   | Reached skill level 4 in Axes
 14847 | Lair:1   | Reached XP level 12. HP: 82/93 MP: 17/17
 14850 | Lair:1   | Reached skill level 5 in Axes
 15207 | Lair:2   | Reached skill level 6 in Axes
 15298 | Lair:2   | Found a staircase to the Shoals.
 15377 | Lair:2   | Reached skill level 7 in Axes
 15434 | Lair:2   | HP: 41/93 [elephant (15)]
 15436 | Lair:2   | Reached skill level 8 in Axes
 15681 | Lair:2   | Reached skill level 9 in Axes
 15852 | Lair:2   | Noticed a four-headed hydra
 15860 | Lair:2   | Killed a one-headed hydra
 16270 | Lair:2   | Noticed an eight-headed hydra
 16272 | Lair:2   | HP: 45/93 [seven-headed hydra (10)]
 16273 | Lair:2   | HP: 18/93 [seven-headed hydra (8)]
 16276 | Lair:2   | HP: 5/93 [porcupine's spines (14)]
 16276 | Lair:2   | Reached skill level 10 in Axes
 16277 | Lair:2   | Killed a six-headed hydra
 16698 | Lair:3   | Reached ***** piety under Hepliaklqana
 16705 | Lair:3   | Reached skill level 11 in Axes
 16938 | Lair:3   | Reached XP level 13. HP: 66/99 MP: 18/18
 17065 | Lair:3   | Found a staircase to the Snake Pit.
 17436 | Lair:4   | Found a labyrinth entrance.
 17448 | Lab      | Entered a labyrinth
 17508 | Lab      | Found an exit through the horrors of the Abyss.
 17803 | Lab      | Noticed a minotaur
 17809 | Lab      | HP: 41/99 [minotaur (15)]
 17811 | Lab      | HP: 20/99 [minotaur (11)]
 17830 | Lab      | HP: 23/99 [minotaur's headbutt (7)]
 17848 | Lab      | Killed a minotaur
 17890 | Lab      | Identified the Grimoire of the Nine Demons
 17891 | Lab      | Got a steaming quarterstaff
 17894 | Lab      | Identified the cursed +1 quarterstaff of Qeatoibe {drain, rN+ Str+6} (You found it in a labyrinth)
 18531 | Lair:4   | Learned a level 5 spell: Borgnjor's Vile Clutch
 18800 | Lair:5   | Found a viscous altar of Jiyva.
 18801 | Lair:5   | Found a staircase to the Slime Pits.
 19020 | Lair:5   | Reached ****** piety under Hepliaklqana
 19304 | Lair:6   | Entered Level 6 of the Lair of Beasts
 19312 | Lair:6   | HP: 39/100 [komodo dragon (21)]
 19317 | Lair:6   | HP: 42/100 [three-headed hydra (1)]
 19318 | Lair:6   | HP: 16/100 [two-headed hydra (5)]
 19324 | Lair:6   | HP: 15/100 [komodo dragon (5)]
 19334 | Lair:6   | HP: 4/100 [komodo dragon (18)]
 19488 | Lair:6   | Reached skill level 12 in Axes
 19748 | Lair:6   | Reached skill level 10 in Fighting
 19765 | Lair:6   | HP: 48/101 [six-headed hydra (12)]
 20217 | Lair:6   | HP: 49/101 [seven-headed hydra (4)]
 20218 | Lair:6   | HP: 23/101 [six-headed hydra (12)]
 20633 | Lair:6   | Noticed a dire elephant
 20633 | Lair:6   | Noticed a dire elephant
 20643 | Lair:6   | Killed a dire elephant
 20643 | Lair:6   | Reached skill level 5 in Evocations
 20643 | Lair:6   | Killed a dire elephant
 20686 | Lair:6   | Noticed a dire elephant
 20696 | Lair:6   | Killed a dire elephant
 20696 | Lair:6   | Gained mutation: You have acidic saliva. [Yellow Draconian growth]
 20696 | Lair:6   | Reached XP level 14. HP: 67/108 MP: 20/20
 21119 | D:12     | Noticed Rupert
 21131 | D:12     | HP: 43/109 [Rupert/great sword of slicing (19)]
 21134 | D:12     | Killed Rupert
 21266 | D:12     | Found a shimmering altar of Xom.
 21316 | D:12     | Found a staircase to the Orcish Mines.
 21975 | D:13     | Found a gate to the Vaults.
 21975 | D:13     | Noticed Nessos
 22051 | D:12     | Reached skill level 13 in Axes
 22138 | D:12     | Reached skill level 10 in Invocations
 22417 | Orc:1    | Entered Level 1 of the Orcish Mines
 22451 | Orc:1    | Found a roughly hewn altar of Beogh.
 22455 | Orc:1    | Noticed Erolcha
 22466 | Orc:1    | Killed Erolcha
 22476 | Orc:1    | HP: 53/109 [ogre/giant club (19)]
 22924 | Orc:1    | Noticed Snorg
 22940 | Orc:1    | Killed Snorg
 23237 | Orc:2    | Entered Level 2 of the Orcish Mines
 23237 | Orc:2    | Found a roughly hewn altar of Beogh.
 23345 | Orc:2    | Noticed a stone giant
 23382 | Orc:1    | Killed a stone giant
 23533 | Orc:2    | Found a staircase to the Elven Halls.
 23681 | Orc:2    | Found Gemolome's Antique Weapon Emporium.
 23681 | Orc:2    | Found Bovvatow's Armour Boutique.
 23682 | Orc:2    | Found Ynatwog's Gadget Shop.
 23682 | Orc:2    | Found Gimnu's Jewellery Emporium.
 23704 | Orc:2    | Reached XP level 15. HP: 87/117 MP: 23/23
 23740 | Orc:2    | Bought a +3 ring of protection for 294 gold pieces
 23814 | Orc:2    | Noticed Urug
 23823 | Orc:2    | Killed Urug
 23835 | Orc:2    | HP: 43/117 [orc warrior/halberd (28)]
 23843 | Orc:2    | HP: 37/117 [poisoned by Urug]
 23848 | Orc:2    | HP: 38/117 [poisoned by Urug]
 24475 | D:13     | Killed Nessos
 24543 | D:13     | Noticed Frances
 24553 | D:13     | Killed Frances
 24553 | D:13     | Reached skill level 14 in Axes
 24732 | D:13     | Found Jinit's Weapon Shoppe.
 24741 | D:13     | Reached skill level 10 in Dodging
 25185 | D:14     | Found Jinakh's Weapon Emporium.
 25199 | D:14     | Found Dylluux's General Store.
 25203 | D:14     | Bought a scroll of teleportation for 39 gold pieces
 25294 | D:14     | Found Cetoa's Distillery.
 25295 | D:14     | Found Pujutwum's Antique Weapon Emporium.
 25300 | D:14     | Reached skill level 1 in Shields
 25380 | D:14     | Found a frozen archway.
 25390 | IceCv    | Entered an ice cave
 25453 | IceCv    | HP: 58/118 [something (9)]
 25602 | IceCv    | Learned a level 1 spell: Summon Butterflies
 25609 | IceCv    | Learned a level 5 spell: Summon Mana Viper
 25611 | IceCv    | Got a crude iron ring
 25613 | IceCv    | Identified the ring "Huezyaq" {rPois Str+2 Int-3 Dex+2 Stlth+} (You found it in an ice cave)
 26180 | D:14     | Found Qujisty's Weapon Shop.
 26395 | D:15     | Entered Level 15 of the Dungeon
 26494 | D:15     | HP: 59/118 [skeletal warrior/glaive[a skeletal warrior] (25)]
 26504 | D:15     | HP: 58/118 [skeletal warrior/trident[a skeletal warrior] (8)]
 26513 | D:14     | HP: 43/118 [skeletal warrior/long sword (10)]
 26653 | Snake:1  | Entered Level 1 of the Snake Pit
 26839 | D:15     | HP: 42/118 [skeletal warrior/trident[a skeletal warrior] (21)]
 27048 | D:15     | Found a staircase to the Depths.
 27051 | D:15     | HP: 49/118 [ice dragon/blast of cold (31)]
 27057 | D:15     | HP: 37/118 [ice dragon (7)]
 27333 | D:15     | Found a runed door.
 27498 | D:15     | Noticed a shadow dragon
 27507 | D:15     | HP: 53/118 [shadow dragon (12)]
 27508 | D:15     | Killed a shadow dragon
 27844 | D:15     | Reached skill level 10 in Stealth
 27844 | D:15     | Reached XP level 16. HP: 125/125 MP: 25/25
 27899 | D:15     | HP: 61/125 [efreet/bolt of fire (8)]
 28126 | D:15     | HP: 62/125 [yaktaur (17)]
 28509 | Snake:1  | HP: 57/125 [naga sharpshooter/bolt (24)]
 28515 | Snake:1  | HP: 56/125 [poisoned by a naga sharpshooter (splash of poison)]
 28523 | Snake:1  | HP: 59/125 [poisoned by a naga sharpshooter (splash of poison)]
 29061 | Snake:1  | Reached skill level 15 in Axes
 29583 | Snake:1  | Found Uhiulast's Jewellery Shoppe.
 29584 | Snake:1  | Found Pucuag's Gadget Boutique.
 29584 | Snake:1  | Found Naetyth's Gadget Boutique.
 30029 | Snake:2  | HP: 62/126 [naga warrior/battleaxe (18)]
 30034 | Snake:2  | HP: 62/126 [poisoned by a naga (splash of poison)]
 30039 | Snake:2  | HP: 62/126 [poisoned by a naga (splash of poison)]
 30242 | Snake:2  | Noticed Vashnia
 30305 | Snake:2  | HP: 61/126 [Vashnia/arrow (6)]
 30310 | Snake:2  | HP: 20/126 [Vashnia/arrow (15)]
 30317 | Snake:2  | HP: 22/126 [poisoned by a naga sharpshooter (splash of poison)]
 30325 | Snake:2  | HP: 26/126 [poisoned by a naga sharpshooter (splash of poison)]
 30325 | Snake:2  | HP: 6/126 [salamander/halberd (12)]
 30776 | Snake:2  | HP: 92/189 [naga sharpshooter/bolt[Vashnia] (10)]
 30781 | Snake:2  | HP: 23/189 [Vashnia/arrow (30)]
 30783 | Snake:2  | HP: 6/189 [guardian serpent/bolt of poison (8)]
 30785 | Snake:2  | Shot with a bolt by a naga sharpshooter

Skill      XL: |  1  2  3  4  5  6  7  8  9 10 11 12 13 14 15 16 |
---------------+-------------------------------------------------+-----
Dodging        | 3 4 5 6 7 8 9 10 | 10.8
Maces & Flails | 4 5 6 7 8 9 10 11 | 11.7
Fighting       | 3 4 5 6 7 8 9 10 11 12 | 12.4
Invocations    | 1 3 5 6 7 9 11 12 13 | 13.4
Stealth        | 2 3 5 6 7 9 10 | 10.0
Evocations     | 2 3 5 6 8 |  8.8
Axes           | 4 11 12 13 14 15 | 15.3
Shields        | 3 4 |  4.5
Throwing       | |  1.7

Action                   |  1- 3 |  4- 6 |  7- 9 | 10-12 | 13-15 | 16-18 || total
-------------------------+-------+-------+-------+-------+-------+-------++-------
Melee: Flail             |    61 |       |       |       |       |       ||    61
       Tailslap          |    11 |    19 |    51 |   104 |   159 |    35 ||   379
       Whip              |    78 |   153 |   350 |   375 |       |       ||   956
       Battleaxe         |       |       |       |   165 |   754 |   162 ||  1081
       Bite              |       |       |       |       |    89 |    20 ||   109
Throw: Throwing net      |       |     1 |       |       |       |       ||     1
Invok: Recall Ancestor   |       |       |     2 |       |     3 |     2 ||     7
       Ancestor Life: Kn |       |       |       |     1 |       |       ||     1
 Abil: Breathe Acid      |       |       |     5 |     1 |     3 |       ||     9
Evoke: Wand              |       |       |       |     1 |     3 |     1 ||     5
  Use: Scroll            |     1 |       |    16 |    11 |     7 |     8 ||    43
       Potion            |       |       |       |     2 |     1 |     2 ||     5
 Stab: Sleeping          |     2 |       |     2 |    21 |    47 |     8 ||    80
       Distracted        |       |       |     1 |     5 |     9 |     3 ||    18
       Confused          |       |       |       |       |     4 |       ||     4
  Eat: Chunk             |     4 |     6 |    12 |    26 |    26 |     1 ||    75
       Ration            |       |       |     1 |       |     3 |     2 ||     6
Armor: Skin              |    46 |    32 |    86 |   177 |   298 |    66 ||   705
Dodge: Dodged            |   134 |   113 |   223 |   342 |   686 |   200 ||  1698
Block: Other             |       |       |       |     2 |       |       ||     2

Vault maps used:
D:1:      ldierk_water_garden
D:2:      st_stairs_11
D:4:      first_ration, hangedman_feature_mirror, serial_bayou_pond_c
D:5:      minmay_temple_entry_nine_rooms, uniq_pikel
D:6:      tso_altar, nicolae_zen_rock_garden, okawaru_ov_weapons_minmay
D:7:      serial_corexii_hall, corexii_hall_statues_x, corexii_hall_statues_u
D:8:      hangedman_pestilent_swarm, kennysheep_another_room, uniq_maurice
D:9:      basic_altar, minmay_tree_intersection
D:11:     lair_entry_dummy, enter_bailey_8, basic_altar
D:12:     orc_0_dummy, brannock_xom_greatest_gift, uniq_rupert
D:13:     david_vaults_3, serial_shops, shop, uniq_frances
D:14:     minmay_misc_feat_room, serial_shops, shop, shop_fountains,
          kennysheep_mini_moat, shop, shop, portal_ice_cave_rime
D:15:     grunt_enter_depths_hoard, minmay_crystal_water, minivault_13
Temple:   regret_index_temple_sigil_plot
Lair:1:   serial_bayou_ford_a, lemuel_fruit_tree
Lair:2:   minmay_shoals_entry_beasts, serial_bayou_shore_a, grunt_megastairs_4
Lair:3:   dummy_snake_entry, minmay_stone_trees_small,
          infiniplex_staircase_pool, lemuel_fruit_fields, lemuel_fruit_fields
Lair:4:   lab_entry_generic, st_stairs_13, minmay_lair_oklob_items,
          lemuel_fruit_fields
Lair:5:   slime_altar_1, st_stairs_6, kennysheep_rathole
Lair:6:   due_jungle_book, wad_woods_river_03, grunt_megastairs_2
Snake:1:  serial_bayou_pond_e, spider_trap, minmay_shop_grove
Snake:2:  basic_altar, basic_loot_grate_trap, serial_bayou_pond_c, uniq_vashnia
Orc:1:    basic_altar, uniq_erolcha, uniq_snorg
Orc:2:    st_orc_ogre_mass, basic_altar, sword_in_stone
Lab:      labyrinth_hidden_loot, labyrinth_fake_exit, nicolae_lab_diamond
Bailey:   bailey_polearm_3, bailey
IceCv:    ice_cave_small_dragons
